 Dungeon Crawl Stone Soup version 0.25-a0-413-g3b4b6a4ccc (webtiles) character file.

Game seed: 7143318414856969471, levelgen mode: deterministic

341206 Borgoz the Tortoise (level 22, -11/145 HPs)
             Began as a Gargoyle Berserker on Jan 16, 2020.
             Was a High Priest of Trog.
             Blown up by Boris (24 damage)
             ... with a wavering orb of destruction
             ... on level 3 of the Vaults on Jan 17, 2020.
             The game lasted 01:41:20 (39319 turns).

Borgoz the Tortoise (Gargoyle Berserker)           Turns: 39319, Time: 01:41:21

Health: -11/145    AC: 40    Str: 26    XL:     22   Next: 0%
Magic:  0/25       EV: 20    Int: 10    God:    Trog [*****.]
Gold:   364        SH:  0    Dex: 14    Spells: 21/21 levels left

rFire    + + .     SeeInvis +   b - +9 great mace (venom)
rCold    + + +     Gourm    .   (shield currently unavailable)
rNeg     + + +     Faith    .   E - +3 chain mail of the Sun {rF+ rC+ rCorr}
rPois    ∞         Spirit   +   L - -2 hat of the Alchemist {rElec rPois rF+ rC+ rN+ MR+ rMut rCorr}
rElec    +         Reflect  .   Q - scarf {Spirit}
rCorr    +         Harm     .   R - +2 pair of gloves {archery}
rMut     +                      l - +2 pair of boots {run}
MR       ++...                  D - amulet of regeneration
Stlth    ..........             t - ring of the Philosopher {rN+ SInv}
HPRegen  0.74/turn              O - ring of Gank {Wiz rPois rC++ Str+2}
MPRegen  0.19/turn

@: berserk cooldown, flying, slowed, very slow
A: big wings, negative energy resistance 1, electricity resistance, unbreathing,
petrification resistance, rot immunity, AC +16
}: 2/15 runes: decaying, gossamer
a: Stop Flying, Berserk, Trog's Hand, Brothers in Arms, Renounce Religion


You were on level 3 of the Vaults.
You worshipped Trog.
Trog was extremely pleased with you.
You were very hungry.

You visited 7 branches of the dungeon, and saw 35 of its levels.
You also visited: Ossuary and Gauntlet.

You collected 3562 gold pieces.
You spent 3198 gold pieces at shops.

Inventory:

Hand Weapons
 a - a +11 antimagic demon whip
 b - a +9 great mace of venom (weapon)
 F - a +0 great mace of holy wrath
Missiles
 P - a throwing net (quivered)
Armour
 l - a +2 pair of boots of running (worn)
 E - the +3 chain mail of the Sun (worn) {rF+ rC+ rCorr}
   (You bought it in a shop on level 4 of the Dungeon)

   It protects you from fire.
   It protects you from cold.
   It provides partial protection from all sources of acid and corrosion.
 K - the +0 hat "Xillul" {Str+7}
   (You found it on level 3 of the Vaults)

   It affects your strength (+7).
 L - the -2 hat of the Alchemist (worn) {rElec rPois rF+ rC+ rN+ MR+ rMut rCorr}
   (You found it on level 3 of the Vaults)

   It protects you from fire.
   It protects you from cold.
   It insulates you from electricity.
   It protects you from poison.
   It protects you from negative energy.
   It affects your resistance to hostile enchantments.
   It provides partial protection from all sources of acid and corrosion.
   It protects you from mutation.
 Q - a scarf of spirit shield (worn)
 R - a +2 pair of gloves of archery (worn)
Jewellery
 n - a +5 amulet of reflection
 t - the ring of the Philosopher (left hand) {rN+ SInv}
   (You bought it in a shop on level 6 of the Dungeon)

   [ring of see invisible]

   It protects you from negative energy.
   It lets you see invisible.
 D - an amulet of regeneration (around neck)
 G - an uncursed ring of resist corrosion
 O - the ring of Gank (right hand) {Wiz rPois rC++ Str+2}
   (You found it in a Gauntlet)

   [ring of wizardry]

   It improves your spell success rate.
   It affects your strength (+2).
   It greatly protects you from cold.
   It protects you from poison.
Wands
 m - a wand of paralysis (24)
 q - a wand of clouds (13)
 r - a wand of iceblast (20)
 w - a wand of acid (17)
 y - a wand of scattershot (7)
 B - a wand of digging (14)
 H - a wand of disintegration (18)
Scrolls
 h - 13 scrolls of teleportation
 i - 3 scrolls of summoning
 j - 10 scrolls of remove curse
 s - a scroll of enchant armour
 u - 4 scrolls of fear
 x - 5 scrolls of magic mapping
 z - 6 scrolls of identify
 C - a scroll of holy word
 I - 3 scrolls of blinking
 N - 2 scrolls of fog
Potions
 d - 2 potions of ambrosia
 e - 3 potions of cancellation
 f - 3 potions of heal wounds
 g - 16 potions of curing
 k - a potion of berserk rage
 o - a potion of invisibility
 v - 6 potions of haste
 A - 3 potions of resistance
 J - 5 potions of might
 M - a potion of agility
Comestibles
 c - 47 rations
 p - 4 chunks of flesh


   Skills:
 + Level 17.5 Fighting
 + Level 19.1 Maces & Flails
 + Level 19.4 Armour
 + Level 18.5 Dodging
 - Level 5.0 Evocations


You had 21 spell levels left.
You didn't know any spells.
Your spell library was empty.

Dungeon Overview and Level Annotations

Branches:
Dungeon (15/15)            Temple (1/1) D:5            Lair (6/6) D:11
  Swamp (4/4) Lair:3       Spider (4/4) Lair:4        Slime (0/5) Lair:6
    Orc (2/2) D:12            Elf (0/3) Orc:2        Vaults (3/5) D:14
  Crypt (0/3) Vaults:2     Depths (0/5) D:15        Ossuary (visited)
Gauntlet (visited)

Altars:
Ashenzari
Cheibriados
Gozag
Trog
Vehumet
Xom
Yredelemnul
Jiyva

Shops:
D:4 [   D:6 =   D:11 [   D:15 !   Orc:2 *(?}?   Vaults:3 (

Portals:
Pandemonium: Orc:2

Annotations:
Vaults:3 Boris


Innate Abilities, Weirdness & Mutations

You are resistant to torment.
Your stone body is resilient. (AC +16)
You are immune to poison.
Your large and strong wings let you fly indefinitely.
You resist negative energy. (rN+)
You are resistant to electric shocks. (rElec)
You can survive without breathing.
You are immune to petrification.
You are immune to rotting.


Message History

The arrow hits you but does no damage. Boris misses you.
Boris touches you but does no damage.
Things that are here:
an arrow; a +0 rapier; a +0 leather armour You feel much better.
Boris casts a spell at you. The iron shot hits you!!
* * * LOW HITPOINT WARNING * * *
You hit Boris but do no damage.
Boris is almost destroyed.
Boris hits you!
* * * LOW HITPOINT WARNING * * *
Boris touches you but does no damage.
The deep elf archer unwields a +0 shortbow.
The deep elf archer wields a +0 dagger.
The deep elf archer barely misses you.
You bludgeon Boris!!
Boris is almost destroyed.
Boris launches a ball of destructive magic.
The wavering orb of destruction weakly hits you!!
You die...

######### ##.......##
##...#.#...##
#...........##
..)..#.#.....##
...........†.(##########
..............'...[..%..
#.#..###..#.#.#)L.......
.....# #......#(@e......
#.#..###..#.#.#().......
..............#.........
..............#.........
.....#.#.....##.........
#...........###.........
##...#.#...## #.........
##.......## #####++###
######'########


You could see Boris (invisible) and a deep elf archer.

Vanquished Creatures
  Mara (Spider:4)
  Bai Suzhen (Vaults:3)
  The ghost of Isedumueph the Tortoise, a veteran HuFi of Hepliaklqana (Vaults:2)
  Arachne (Spider:2)
  The ghost of Tazamm the Executioner, an adept MiBe of Trog (Vaults:3)
  A lich (Vaults:3)
  A tentacled monstrosity (Swamp:3)
  Frances (Spider:1)
  A thorn hunter (Swamp:2)
  2 sphinxes
  A tengu reaver (Vaults:3)
  2 deep elf sorcerers
  7 ghost moths
  8 vault wardens
  An emperor scorpion (Spider:4)
  8 ironheart preservers
  A vampire knight (Vaults:2)
  4 very ugly things
  6 entropy weavers
  A deep elf demonologist (Vaults:2)
  5 spark wasps
  2 stone giants (Vaults:2)
  A minotaur (Gauntlet)
  A deep elf annihilator (Vaults:2)
  2 green deaths (Swamp:4)
  2 death oozes (Swamp:4)
  A crystal guardian (Vaults:3)
  3 ettins
  Snorg (Lair:6)
  4 yaktaur captains
  Josephine (D:13)
  3 fire dragons
  A hell beast (Swamp:4)
  A great orb of eyes (Gauntlet)
  20 hydras
  Harold (D:8)
  5 rakshasas
  7 vault guards
  3 ice dragons
  3 catoblepae (Lair:6)
  10 ogre magi
  19 alligators
  5 centaur warriors
  A ghost crab (Swamp:3)
  3 death knights
  35 two-headed ogres
  A queen ant (Lair:2)
  Erica (D:8)
  2 deep troll shamans
  A tengu warrior (D:15)
  A vampire mage (Vaults:2)
  15 death yaks
  A thrashing horror (Swamp:4)
  9 orc high priests (Orc:2)
  A sun demon (Orc:2)
  Sonja (Lair:1)
  A soul eater (Orc:2)
  Nergalle (Lair:2)
  2 fire crabs (shapeshifter)
  5 deep elf knights
  A hell knight (D:15)
  11 skeletal warriors
  8 deep trolls
  3 spriggan druids
  2 infernal demonspawn (Orc:2)
  3 unseen horrors
  7 swamp dragons
  A glowing orange brain (Vaults:3)
  A gelid demonspawn (Orc:2)
  A flayed ghost (Vaults:2)
  7 wizards
  5 deep elf archers
  A wolf spider zombie (D:15)
  5 ironbrand convokers
  16 orc knights
  Pikel (D:6)
  40 wolf spiders
  An oklob plant (Gauntlet)
  14 orb spiders
  17 ugly things
  5 harpies (Vaults:2)
  10 deep elf magi
  3 orc sorcerers
  9 cyclopes
  A faun (shapeshifter) (Vaults:1)
  4 manticores
  A moth of wrath (Spider:3)
  2 centaur zombies
  Maurice (Orc:1)
  6 black mambas
  A black mamba (shapeshifter) (Vaults:1)
  8 vault sentinels
  8 elephants
  19 spiny frogs
  A naga mage (Vaults:3)
  A rust devil (Orc:2)
  2 gargoyles
  4 torpor snails
  Joseph (Lair:1)
  An orange demon (Swamp:4)
  3 freezing wraiths
  7 yaktaurs
  2 kobold demonologists
  A rime drake (Lair:6)
  8 demonic crawlers
  A rime drake (shapeshifter) (Vaults:2)
  10 komodo dragons
  4 tengu conjurers
  6 trolls
  2 large abominations (Swamp:4)
  A jumping spider (shapeshifter) (Vaults:2)
  12 hornets
  37 jumping spiders
  A meliai (shapeshifter) (D:14)
  8 tyrant leeches
  28 slime creatures
  7 dream sheep (Lair:5)
  9 blink frogs
  17 bog bodies
  A raiju (shapeshifter) (Vaults:2)
  6 hippogriffs
  2 water elementals (D:12)
  A vampire (D:14)
  A spriggan (shapeshifter) (Vaults:1)
  A centaur simulacrum (D:13)
  110 redbacks
  6 shadows
  A tarantella (shapeshifter) (Vaults:1)
  6 wraiths
  Eustachio (D:6)
  55 yaks
  A spriggan (Swamp:3)
  40 tarantellas
  A basilisk (Lair:3)
  3 wyverns
  Grum (D:8)
  6 vampire mosquitoes
  2 steam dragons
  A steam dragon (shapeshifter) (Vaults:2)
  A neqoxec (Orc:2)
  A hungry ghost (D:10)
  8 swamp worms
  Menkaure (D:5)
  Edmund (D:6)
  12 insubstantial wisps
  2 wargs
  6 soldier ants
  11 water moccasins
  A water moccasin (shapeshifter) (Vaults:2)
  7 acid dragons
  5 porcupines
  41 orc warriors
  11 swamp drakes
  3 ice beasts
  4 slaves (D:6)
  A black bear (D:9)
  3 phantoms
  An eye of draining (D:9)
  13 wolves
  25 ogres
  13 centaurs
  18 crocodiles
  Blork the orc (D:6)
  19 bullfrogs
  A gnoll sergeant (D:9)
  A small abomination (Swamp:4)
  6 scorpions
  19 killer bees
  7 wights
  8 electric eels
  6 howler monkeys
  7 jellies
  A bullfrog zombie (D:8)
  2 crimson imps
  A quasit (D:6)
  4 hounds
  A human zombie (Ossuary)
  5 bullfrog skeletons
  37 orc priests
  11 centaur skeletons
  Crazy Yiuf (D:6)
  14 orc wizards
  Jessica (D:2)
  3 hell rats (D:11)
  7 iguanas
  23 worker ants
  Natasha (thrice) (D:2)
  A big kobold zombie (Ossuary)
  2 hound zombies
  4 mummies (Ossuary)
  2 worker ant zombies
  6 adders
  4 gnolls
  2 river rats (D:11)
  2 shadow imps
  An ooze (D:3)
  4 adder skeletons
  4 worms
  2 dart slugs
  2 leopard geckos
  84 orcs
  5 giant cockroaches
  2 gnoll zombies (Ossuary)
  6 goblins
  6 hobgoblins
  15 jackals
  5 quokkas
  4 bats
  3 frilled lizards
  3 hobgoblin zombies (Ossuary)
  A jackal zombie (D:8)
  6 kobolds
  A kobold zombie (Ossuary)
  10 rats
  A briar patch (Swamp:2)
  A plant (Lair:1)
1442 creatures vanquished.

Vanquished Creatures (collateral kills)
  Nessos (D:14)
  2 vault guards (D:14)
  A two-headed ogre (D:14)
  2 death yaks (Lair:4)
  An orange demon (Orc:2)
  A hornet (D:14)
  A wraith (D:14)
  An orc warrior (D:14)
  An eye of draining (D:14)
  An ogre (D:14)
  A centaur (D:12)
  An orc priest (Orc:1)
  2 orcs (Orc:1)
16 creatures vanquished.

Vanquished Creatures (others)
  A two-headed ogre (Vaults:1)
  A deep troll (Vaults:1)
  An unseen horror (Vaults:1)
  An ironbrand convoker (Vaults:3)
  A slime creature (Vaults:1)
  A yaktaur (Vaults:1)
  A tarantella (Spider:4)
  A swamp worm (Swamp:4)
  An orc warrior (Orc:2)
  An ogre (Vaults:1)
  A centaur (Vaults:1)
  A worker ant (D:5)
  3 orcs
  7 fungi
  3 plants
25 creatures vanquished.

Grand Total: 1483 creatures vanquished

Notes
Turn   | Place    | Note
-------+----------+-------------------------------------------
     0 | D:1      | Borgoz the Gargoyle Berserker began the quest for the Orb.
     0 | D:1      | Reached XP level 1. HP: 14/14 MP: 1/1
   346 | D:1      | Reached XP level 2. HP: 15/19 MP: 2/2
   878 | D:2      | Reached XP level 3. HP: 23/23 MP: 3/3
   907 | D:2      | Reached ** piety under Trog
  1041 | D:2      | Noticed Natasha
  1054 | D:2      | Killed Natasha
  1054 | D:2      | Reached XP level 4. HP: 8/29 MP: 4/4
  1428 | D:2      | Noticed Jessica
  1435 | D:2      | Killed Jessica
  1720 | D:2      | Noticed Natasha
  1730 | D:2      | Killed Natasha
  1730 | D:2      | Reached XP level 5. HP: 32/33 MP: 3/5
  1785 | D:2      | Noticed Natasha
  1790 | D:2      | Killed Natasha
  1963 | D:3      | Found a faded altar of an unknown god.
  2313 | D:3      | Reached XP level 6. HP: 38/38 MP: 6/6
  2614 | D:4      | Reached *** piety under Trog
  2727 | D:4      | You fall into a shaft and drop 2 floors!
  2727 | D:6      | Noticed Pikel
  2727 | D:6      | Noticed a slave
  2727 | D:6      | Noticed a slave
  2727 | D:6      | Noticed a slave
  2728 | D:6      | Noticed a slave
  2744 | D:6      | Killed a slave
  2756 | D:6      | Killed a slave
  2766 | D:6      | Killed a slave
  2777 | D:6      | Killed a slave
  2799 | D:6      | Paralysed by Pikel for 4 turns
  2808 | D:6      | Killed Pikel
  2808 | D:6      | Reached skill level 5 in Maces & Flails
  2808 | D:6      | Reached XP level 7. HP: 44/44 MP: 5/7
  2815 | D:6      | Found a shattered altar of Ashenzari.
  2828 | D:6      | Got a translucent amber ring
  2829 | D:6      | Identified the ring "Uplo" {MP+9 AC+4} (You found it on
                  | level 6 of the Dungeon)
  2848 | D:6      | Reached skill level 5 in Fighting
  2863 | D:6      | Found Uxaa's Jewellery Shoppe.
  2895 | D:6      | Found a sand-covered staircase.
  2902 | Ossuary  | Entered an ossuary
  2981 | Ossuary  | Reached XP level 8. HP: 41/49 MP: 8/8
  3303 | D:6      | Noticed Blork the orc
  3305 | D:6      | Found the +8 demon blade "Bloodbane" {slice, *Rage +Rage
                  | Stlth-}
  3306 | D:6      | Noticed Eustachio
  3317 | D:6      | Killed Blork the orc
  3410 | D:5      | Entered Level 5 of the Dungeon
  3425 | D:5      | Noticed Menkaure
  3440 | D:5      | Killed Menkaure
  3658 | D:5      | Reached skill level 5 in Dodging
  3726 | D:5      | Reached skill level 5 in Armour
  3805 | D:5      | Found a shimmering altar of Xom.
  4051 | D:4      | Found Zackoe's Armour Shoppe.
  4135 | D:4      | Reached **** piety under Trog
  4772 | D:5      | Found a staircase to the Ecumenical Temple.
  4944 | D:6      | Noticed Edmund
  4963 | D:6      | Killed Edmund
  4963 | D:6      | Reached XP level 9. HP: 55/55 MP: 9/9
  5299 | D:6      | Found a runed translucent door.
  5300 | D:6      | Noticed Crazy Yiuf
  5307 | D:6      | Killed Crazy Yiuf
  5456 | D:6      | Killed Eustachio
  6094 | D:7      | Found a bloodstained altar of Trog.
  6482 | D:8      | Found a snail-covered altar of Cheibriados.
  6486 | D:8      | Noticed Erica
  6518 | D:8      | Killed Erica
  6518 | D:8      | Reached XP level 10. HP: 40/63 MP: 10/10
  6686 | D:8      | Noticed Grum
  6688 | D:8      | Noticed Harold
  6702 | D:8      | Killed Grum
  6718 | D:8      | Killed Harold
  7201 | D:8      | Reached ***** piety under Trog
  7201 | D:8      | Received a gift from Trog
  7595 | D:9      | Reached skill level 10 in Maces & Flails
  7795 | D:9      | Reached XP level 11. HP: 68/68 MP: 11/11
  8005 | D:9      | Noticed a two-headed ogre
  8014 | D:9      | Killed a two-headed ogre
  8188 | D:10     | Entered Level 10 of the Dungeon
  8365 | D:4      | Bought the +3 chain mail of the Sun {rF+ rC+ rCorr} for 461
                  | gold pieces
  8523 | Temple   | Entered the Ecumenical Temple
  9384 | D:11     | Noticed a death yak
  9386 | D:11     | Noticed a death yak
  9389 | D:11     | Noticed a death yak
  9390 | D:11     | Killed a death yak
  9392 | D:11     | Received a gift from Trog
  9403 | D:11     | Killed a death yak
  9411 | D:11     | Killed a death yak
  9474 | D:11     | Reached XP level 12. HP: 76/76 MP: 12/12
  9488 | D:11     | Found Saoqout's Armour Shoppe.
  9790 | D:11     | Found an opulent altar of Gozag.
  9917 | D:11     | Found a staircase to the Lair.
 11053 | D:12     | Reached skill level 10 in Dodging
 11083 | D:12     | Found a staircase to the Orcish Mines.
 11704 | D:13     | Noticed a two-headed ogre
 11712 | D:13     | Killed a two-headed ogre
 11717 | D:13     | Received a gift from Trog
 11783 | D:13     | Noticed a two-headed ogre
 11784 | D:13     | Noticed an ogre mage
 11784 | D:13     | Noticed a two-headed ogre
 11793 | D:13     | Noticed a two-headed ogre
 11795 | D:13     | Killed a two-headed ogre
 11796 | D:13     | Noticed a two-headed ogre
 11798 | D:13     | Killed a two-headed ogre
 11805 | D:13     | Killed an ogre mage
 11805 | D:13     | Reached skill level 10 in Fighting
 11812 | D:13     | Killed a two-headed ogre
 11815 | D:13     | Killed a two-headed ogre
 11817 | D:13     | Reached XP level 13. HP: 82/82 MP: 13/13
 11973 | D:13     | Noticed Josephine
 11996 | D:13     | Killed Josephine
 11996 | D:13     | Reached skill level 10 in Armour
 12601 | D:14     | Noticed Nessos
 12637 | D:14     | Killed Nessos
 12753 | D:14     | Found a basalt altar of Yredelemnul.
 12795 | D:14     | Found a gate to the Vaults.
 12795 | D:14     | Noticed a vault guard
 12795 | D:14     | Noticed a vault guard
 12795 | D:14     | Noticed a vault guard
 12795 | D:14     | Noticed a vault guard
 12822 | D:14     | Killed a vault guard
 12836 | D:14     | Killed a vault guard
 12838 | D:14     | Killed a vault guard
 12858 | D:14     | Killed a vault guard
 13371 | D:15     | Entered Level 15 of the Dungeon
 13584 | D:15     | Found Qyshugib's Distillery.
 13639 | D:15     | Received a gift from Trog
 13743 | D:15     | Noticed an ettin
 13752 | D:15     | Killed an ettin
 13753 | D:15     | Gained mutation: Your large and strong wings let you fly
                  | indefinitely. [Gargoyle growth]
 13753 | D:15     | Reached XP level 14. HP: 90/90 MP: 14/14
 13859 | D:15     | Found a staircase to the Depths.
 14755 | Lair:1   | Entered Level 1 of the Lair of Beasts
 14775 | Lair:1   | Received a gift from Trog
 14840 | Lair:1   | Noticed Sonja
 14851 | Lair:1   | Killed Sonja
 15176 | Lair:1   | Noticed Joseph
 15184 | Lair:1   | Killed Joseph
 15962 | Lair:2   | Noticed Nergalle
 15983 | Lair:2   | Killed Nergalle
 16133 | Lair:2   | Received a gift from Trog
 17206 | Lair:3   | You fall into a shaft and drop 1 floor!
 17206 | Lair:4   | Found a hole to the Spider Nest.
 17401 | Lair:3   | Got a citrine-encrusted chain mail
 17402 | Lair:3   | Identified the cursed +0 chain mail of Dogmatism {Dex+2}
                  | (You found it on level 3 of the Lair of Beasts)
 17446 | Lair:3   | Found a staircase to the Swamp.
 17972 | Lair:4   | Reached XP level 15. HP: 96/96 MP: 8/15
 17986 | Lair:4   | Received a gift from Trog
 17987 | Lair:4   | Reached skill level 15 in Maces & Flails
 17992 | Lair:4   | Got a bloodstained battleaxe {god gift}
 17996 | Lair:4   | Identified the +9 battleaxe of Accidental Termination
                  | {chop, MR++} (Trog gifted it to you on level 4 of the Lair
                  | of Beasts)
 18477 | Lair:5   | Found a gate leading to a gauntlet.
 18592 | Gauntlet | Entered a Gauntlet
 18592 | Gauntlet | Found a transporter.
 18592 | Gauntlet | Found a transporter.
 18592 | Gauntlet | Found a transporter.
 18596 | Gauntlet | Found a transporter.
 18596 | Gauntlet | Found a transporter.
 18596 | Gauntlet | Found a transporter.
 18598 | Gauntlet | Found a large runed translucent door.
 18599 | Gauntlet | Found a large runed translucent door.
 18600 | Gauntlet | Found a large runed translucent door.
 18600 | Gauntlet | Found a large runed translucent door.
 18600 | Gauntlet | Found a runed translucent door.
 18600 | Gauntlet | Found a runed translucent door.
 18601 | Gauntlet | Found a large runed translucent door.
 18602 | Gauntlet | Found a large runed translucent door.
 18603 | Gauntlet | Found a large runed translucent door.
 18603 | Gauntlet | Found a large runed translucent door.
 18604 | Gauntlet | Found a runed translucent gate.
 18604 | Gauntlet | Found a runed translucent gate.
 18604 | Gauntlet | Found a runed translucent gate.
 18606 | Gauntlet | Found a transporter.
 18610 | Gauntlet | Found a transporter.
 18620 | Gauntlet | Found a transporter.
 18652 | Gauntlet | Found a large runed translucent door.
 18652 | Gauntlet | Found a large runed translucent door.
 18653 | Gauntlet | Found a large runed translucent door.
 18654 | Gauntlet | Found a large runed translucent door.
 18655 | Gauntlet | Found a large runed translucent door.
 18655 | Gauntlet | Found a large runed translucent door.
 18656 | Gauntlet | Found a large runed translucent door.
 18657 | Gauntlet | Found a large runed translucent door.
 18722 | Gauntlet | Found a transporter.
 18726 | Gauntlet | Found a transporter.
 18738 | Gauntlet | Found a transporter.
 18944 | Gauntlet | Got a clouded lapis lazuli ring
 18956 | Gauntlet | Identified the ring of Gank {Wiz rPois rC++ Str+2} (You
                  | found it in a Gauntlet)
 19024 | Gauntlet | Got a vibrating copper ring
 19215 | Gauntlet | Identified the +7 broad axe of the Maze {chop, +Fly}
 19215 | Gauntlet | Identified the +8 arbalest "Zyukoun" {penet, rPois}
 19240 | Gauntlet | Identified Ezifo's Disquisition on Transmutation
 19250 | Gauntlet | Got slimy fire dragon scales
 19546 | Lair:5   | Identified the +1 fire dragon scales "Gaceer" {rF++ rC- rN+
                  | Regen+ Str-4 Int+6} (You found it in a Gauntlet)
 19557 | Lair:5   | Identified the ring of a Thousand Emperors {Wiz +Blink +Fly
                  | Str+2 Int+2} (You found it in a Gauntlet)
 20351 | Lair:6   | Entered Level 6 of the Lair of Beasts
 20600 | Lair:6   | Noticed Snorg
 20616 | Lair:6   | Killed Snorg
 20660 | Lair:6   | Received a gift from Trog
 20708 | Lair:6   | Reached XP level 16. HP: 94/103 MP: 7/16
 20900 | Lair:6   | Found a viscous altar of Jiyva.
 20900 | Lair:6   | Found a staircase to the Slime Pits.
 20995 | Lair:6   | Reached skill level 1 in Evocations
 22020 | Orc:1    | Entered Level 1 of the Orcish Mines
 22026 | Orc:1    | Noticed Maurice
 22062 | Orc:1    | Killed Maurice
 22174 | Orc:2    | Entered Level 2 of the Orcish Mines
 22174 | Orc:2    | Found Xieffaow's General Store.
 22179 | Orc:2    | Found a staircase to the Elven Halls.
 22253 | Orc:2    | Reached XP level 17. HP: 108/108 MP: 9/18
 22282 | Orc:2    | Found Ozeacewn's Magic Scroll Shop.
 22283 | Orc:2    | Found Nileih's Magic Scroll Boutique.
 22314 | Orc:2    | Received a gift from Trog
 22333 | Orc:2    | Got a crystal quarterstaff {god gift}
 22440 | Orc:2    | Identified the +4 quarterstaff of Gargoyle's Peril {crush,
                  | Fragile rElec Stlth+} (Trog gifted it to you on level 2 of
                  | the Orcish Mines)
 22802 | Orc:2    | Found a shimmering altar of Xom.
 22972 | Orc:2    | Found Zuvinupni's Antique Weapon Emporium.
 22972 | Orc:2    | Found Luanom's Gadget Shoppe.
 22973 | Orc:2    | Found a one-way gate leading to the halls of Pandemonium.
 23706 | Orc:1    | Received a gift from Trog
 23858 | Orc:2    | Bought a scroll of acquirement for 780 gold pieces
 23859 | Orc:2    | Identified the +2 buckler of Imysobip {rElec rN++ MR- SInv}
                  | (You acquired it on level 2 of the Orcish Mines)
 23969 | D:11     | Bought a +2 pair of boots of running for 664 gold pieces
 24048 | Swamp:1  | Entered Level 1 of the Swamp
 25105 | Swamp:2  | Got an ancient broad axe
 25500 | Swamp:3  | Received a gift from Trog
 25534 | Swamp:3  | Identified the +9 broad axe of the World {chop, +Fly rElec
                  | Dex-4} (You found it on level 2 of the Swamp)
 26190 | Swamp:3  | Noticed a tentacled monstrosity
 26215 | Swamp:3  | Killed a tentacled monstrosity
 26413 | Swamp:4  | Entered Level 4 of the Swamp
 26489 | Swamp:4  | Reached XP level 18. HP: 116/116 MP: 10/21
 26516 | Swamp:4  | Reached skill level 5 in Evocations
 26601 | Swamp:4  | Reached skill level 15 in Dodging
 26896 | Swamp:4  | Received a gift from Trog
 27249 | Swamp:4  | Reached skill level 15 in Armour
 27510 | Swamp:4  | Got a decaying rune of Zot
 27728 | Spider:1 | Entered Level 1 of the Spider Nest
 27928 | Spider:1 | Received a gift from Trog
 28278 | Spider:1 | Noticed Frances
 28293 | Spider:1 | Killed Frances
 29205 | Spider:2 | Received a gift from Trog
 29353 | Spider:2 | Reached XP level 19. HP: 66/123 MP: 5/22
 29370 | Spider:2 | Noticed Arachne
 29381 | Spider:2 | Killed Arachne
 29618 | Spider:2 | Reached skill level 15 in Fighting
 30355 | Spider:3 | Received a gift from Trog
 31271 | Spider:4 | Entered Level 4 of the Spider Nest
 31811 | Spider:4 | Received a gift from Trog
 31876 | Spider:4 | Got a gossamer rune of Zot
 32271 | Spider:4 | Noticed Mara
 32302 | Spider:4 | Killed Mara
 33104 | Vaults:1 | Entered Level 1 of the Vaults
 33137 | Vaults:1 | Received a gift from Trog
 33197 | Vaults:1 | Reached XP level 20. HP: 126/131 MP: 9/23
 33465 | D:6      | Bought the ring of the Philosopher {rN+ SInv} for 314 gold
                  | pieces
 33723 | Vaults:1 | Paralysed by a wizard for 7 turns
 33902 | Vaults:1 | HP: 1/131 [deep troll[an ironheart preserver] (9)]
 34710 | Vaults:1 | Received a gift from Trog
 35608 | Vaults:2 | Found a large runed translucent door.
 35608 | Vaults:2 | Found a large runed translucent door.
 35608 | Vaults:2 | Noticed Isedumueph's ghost (veteran HuFi)
 35624 | Vaults:2 | Identified the +2 arbalest of Arrival {venom, Str+3}
 36059 | Orc:2    | Bought a scroll of teleportation for 36 gold pieces
 36059 | Orc:2    | Bought a scroll of summoning for 114 gold pieces
 36059 | Orc:2    | Bought a scroll of brand weapon for 240 gold pieces
 36062 | Orc:2    | Bought a scroll of teleportation for 45 gold pieces
 36062 | Orc:2    | Bought a scroll of summoning for 142 gold pieces
 36062 | Orc:2    | Bought a scroll of teleportation for 45 gold pieces
 36160 | Orc:2    | Bought a potion of haste for 120 gold pieces
 36160 | Orc:2    | Bought a potion of resistance for 120 gold pieces
 36160 | Orc:2    | Bought a potion of heal wounds for 60 gold pieces
 36546 | Vaults:2 | Received a gift from Trog
 36883 | Vaults:2 | Found a staircase to the Crypt.
 36893 | Vaults:2 | Reached XP level 21. HP: 111/137 MP: 20/24
 37576 | Vaults:2 | Received a gift from Trog
 37826 | Vaults:2 | Killed Isedumueph's ghost
 37850 | Vaults:2 | Identified the Catalogue of Flight and Conjuration
 38037 | Vaults:3 | Noticed Bai Suzhen
 38055 | Vaults:3 | Killed Bai Suzhen
 38209 | Vaults:3 | Found a runed translucent door.
 38211 | Vaults:3 | Noticed Tazamm's ghost (adept MiBe)
 38262 | Vaults:3 | Killed Tazamm's ghost
 38514 | Vaults:3 | Received a gift from Trog
 38725 | Vaults:3 | Got a polished hat
 38754 | Vaults:3 | Identified the cursed +0 hat "Xillul" {Str+7} (You found it
                  | on level 3 of the Vaults)
 38763 | Vaults:3 | Found a radiant altar of Vehumet.
 38764 | Vaults:3 | Found the -2 hat of the Alchemist {rElec rPois rF+ rC+ rN+
                  | MR+ rMut rCorr}
 39111 | Vaults:3 | Received a gift from Trog
 39233 | Vaults:3 | Found Ipafry's Weapon Shoppe.
 39241 | Vaults:3 | Bought a throwing net for 57 gold pieces
 39285 | Vaults:3 | Noticed Boris
 39302 | Vaults:3 | Reached XP level 22. HP: 68/145 MP: 9/25
 39319 | Vaults:3 | Blown up by Boris

Levels and vault maps discovered:
D:1:      dpeg_arrival_three_smaller_balls, layout_basic
D:2:      layout_basic, uniq_natasha, uniq_jessica
D:3:      layout_basic, chequers_ecumenical_altar_simple_redux, first_ration
D:4:      layout_basic, serial_shops,
          nicolae_shop_temple_entry_statues_fountains
D:5:      layout_basic, minmay_temple_entry_from_below_b, xom_confusion_cloud,
          uniq_menkaure
D:6:      kb_forest_paths, layout_basic, ashenzari_altar_1, serial_shops,
          nicolae_shop_behind_doors, nicolae_ossuary_entry_monument,
          chequers_serial_rivers_small_a, sword_in_stone, uniq_pikel,
          uniq_blork_the_orc, uniq_edmund, uniq_crazy_yiuf_cottage
D:7:      layout_loops_cross, trog_book
D:8:      layout_loops_ring, basic_altar, uniq_harold, uniq_grum, uniq_erica
D:9:      layout_long_grid, hangedman_pestilent_swarm
D:10:     layout_rooms
D:11:     layout_cave_pods, dpeg_lair_monsters, basic_altar, serial_shops, shop
D:12:     layout_stronghold, erik_orc_2, drop_trap, serial_bayou_lake_a
D:13:     layout_roguey, chequers_serial_rivers_micro_d, serial_bayou_crossing,
          uniq_josephine
D:14:     layout_basic, lightli_vaults_fourway_checkpoint, basic_altar,
          nicolae_sextant, uniq_nessos
D:15:     hangedman_depths_entry_civil_slaughter, layout_gridville,
          serial_shops, shop
Temple:   roderic_octagonal_lattice_temple
Lair:1:   beast_lair_carwin_large_1, layout_layer_cave, uniq_sonja, uniq_joseph
Lair:2:   layout_roguey, minmay_another_anthill, lemuel_fruit_fields,
          serial_bayou_shore_b, serial_bayou_shore_b, uniq_nergalle
Lair:3:   layout_chaotic_city, minmay_swamp_entry_reptiles, st_stairs_8
Lair:4:   layout_regular_city, spider_nest_entry_rubble, serial_bayou_shore_a
Lair:5:   layout_small_grid, gauntlet_entry_generic
Lair:6:   evilmike_catoblepas_cave, layout_layer_cave,
          dpeg_slime_entry_enclosed_altar, lemuel_fruit_fields,
          infiniplex_staircase_pool_2, uniq_snorg
Swamp:1:  layout_falls_marsh, evilmike_swamp_ruin_house_1, swamp_pool5,
          infiniplex_staircase_pool
Swamp:2:  layout_falls_marsh, evilmike_swamp_ruin_wall
Swamp:3:  cheibrodos_swamp_monstrosity, layout_basic_swamp,
          hangedman_swamp_blocks
Swamp:4:  swamp_vile, layout_basic_swamp
Spider:1: layout_spider_delve, uniq_frances
Spider:2: layout_spider_delve, nicolae_arachne_temple
Spider:3: layout_chambers
Spider:4: johnstein_spider_rune_arachne_lair, uniq_mara
Orc:1:    layout_diamond_mine, uniq_maurice
Orc:2:    pf_orc_diabolical, layout_diamond_mine, serial_shops, shop_fountains,
          basic_altar
Vaults:1: vaults_dpeg_cross, nicolae_vaults_twisting_passages, st_smaller_cells,
          v_misc_32, v_pattern_1, ontoclasm_vaults_twist,
          ontoclasm_vaults_gateway, ontoclasm_vaults_bender, vaults_room_fours,
          grunt_vaults_funnel, layout_vaults_big_room
Vaults:2: advil_vaults_ghost_guards, hangedman_vaults_stream,
          minmay_crypt_entry_simple_sparse, vaults_standard_mumra_x,
          hangedman_vaults_stagger, ontoclasm_vaults_spin,
          nicolae_vaults_little_squares_5, v_alt_pattern_5, v_alt_pattern_1,
          st_lines, nicolae_vaults_three_branches, vaults_dpeg_diagonal,
          layout_vaults_ring
Vaults:3: ebering_vaults_ghost_reflecting_pool, v_misc_29, v_rooms_2,
          nicolae_vaults_network_quinsquares
          [nicolae_vaults_network_quincunx_subvault,
          nicolae_vaults_network_quincunx_subvault,
          nicolae_vaults_network_quincunx_subvault,
          nicolae_vaults_network_quincunx_subvault], vaults_room_octagon,
          grunt_tower_of_power, vaults_room_octagon, hangedman_vaults_cutoff,
          grunt_vaults_focal, nicolae_vaults_network_square,
          vaults_dpeg_encased_lava, nicolae_vaults_little_squares_1,
          vaults_mumra_hexcomb, nicolae_vaults_little_squares_2,
          layout_vaults_omnibox, serial_shops, nicolae_shop_statue_plus,
          uniq_boris, uniq_bai_suzhen

Skill      XL: |  1  2  3  4  5  6  7  8  9 10 11 12 13 14 15 16 17 18 19 20 21 |
---------------+----------------------------------------------------------------+-----
Dodging        | 2 3 4 5 6 8 9 10 11 12 13 14 15 16 17 18 | 18.5
Maces & Flails | 4 5 7 8 10 11 12 13 14 15 16 17 18 19 | 19.1
Fighting       | 4 5 7 8 9 10 11 12 13 14 15 16 17 | 17.5
Armour         | 3 4 5 6 7 8 9 10 11 12 14 16 17 18 19 | 19.4
Evocations     | 2 4 5 |  5.0

Action                   |  1- 3 |  4- 6 |  7- 9 | 10-12 | 13-15 | 16-18 | 19-21 | 22-24 || total
-------------------------+-------+-------+-------+-------+-------+-------+-------+-------++-------
Melee: Mace              |    77 |   190 |   221 |       |       |       |       |       ||   488
       Flail             |       |       |   199 |   789 |   296 |       |       |       ||  1284
       Demon blade       |       |       |       |   123 |       |       |       |       ||   123
       Great mace        |       |       |       |       |   214 |       |   684 |    15 ||   913
       Demon whip        |       |       |       |       |   767 |  1837 |  1312 |       ||  3916
       Battleaxe         |       |       |       |       |       |       |    67 |       ||    67
Throw: Throwing net      |       |       |       |     1 |       |       |       |       ||     1
Invok: Berserk           |     3 |     4 |     5 |    10 |    10 |     6 |    10 |       ||    48
       Trog's Hand       |       |     1 |       |     2 |     3 |     4 |     5 |       ||    15
       Brothers in Arms  |       |       |       |     1 |     3 |     3 |     1 |       ||     8
 Abil: Fly               |       |       |       |       |     1 |       |       |       ||     1
Evoke: Wand              |       |       |       |     5 |     6 |     1 |       |       ||    12
  Use: Scroll            |       |     5 |    12 |     6 |    14 |     4 |    15 |       ||    56
       Potion            |       |       |     1 |     1 |     3 |     4 |     5 |     1 ||    15
 Stab: Held in net/web   |       |       |       |     1 |       |       |     1 |       ||     2
       Distracted        |       |       |       |       |     3 |     1 |       |       ||     4
       Paralysed         |       |       |       |       |     2 |       |       |       ||     2
       Petrified         |       |       |       |       |       |     1 |       |       ||     1
       Confused          |       |       |       |       |       |     2 |       |       ||     2
       Invisible         |       |       |       |       |       |       |    13 |       ||    13
  Eat: Chunk             |     2 |    10 |    14 |    32 |    35 |    28 |    34 |       ||   155
       Ration            |       |       |     1 |       |     2 |     3 |     2 |       ||     8
Armor: Animal skin       |    16 |       |       |       |       |       |       |       ||    16
       Ring mail         |    14 |   108 |   231 |   189 |       |       |       |       ||   542
       Chain mail        |       |       |       |   471 |   768 |  1136 |  1194 |    12 ||  3581
       Skin              |       |       |       |       |    15 |       |       |       ||    15
Dodge: Dodged            |    50 |   160 |   360 |   690 |   703 |  1256 |  1767 |     8 ||  4994
       Deflected         |       |       |       |       |     6 |       |       |       ||     6
Block: Other             |       |       |       |       |    28 |       |       |       ||    28
       Rpst.: Demon blade |       |       |       |    34 |       |       |       |       ||    34

Table legend:
 A = Non-vault XP
 B = Vault XP
 C = Vault XP percentage of total XP
 D = Non-vault monster count
 E = Vault monster count
 F = Vault count percentage of total count
                 A         B        C        D         E       F
            +---------+---------+-------+---------+---------+-------
      Total |  301714 |  244332 |  44.7 |     984 |     473 |  32.5
            +---------+---------+-------+---------+---------+-------
        D:1 |      30 |       0 |   0.0 |      18 |       0 |   0.0
        D:2 |     130 |      72 |  35.6 |      15 |       2 |  11.8
        D:3 |      91 |       0 |   0.0 |      23 |       0 |   0.0
        D:4 |     385 |       0 |   0.0 |      28 |       0 |   0.0
        D:5 |     177 |     194 |  52.3 |      10 |       3 |  23.1
        D:6 |     308 |    1654 |  84.3 |      10 |      13 |  56.5
        D:7 |     885 |       0 |   0.0 |      21 |       0 |   0.0
        D:8 |     860 |    2408 |  73.7 |      20 |       6 |  23.1
        D:9 |    3339 |     512 |  13.3 |      24 |       4 |  14.3
       D:10 |    3100 |       0 |   0.0 |      26 |       0 |   0.0
       D:11 |    2738 |    2965 |  52.0 |      26 |      11 |  29.7
       D:12 |    3465 |     920 |  21.0 |      42 |      21 |  33.3
       D:13 |   10923 |    1869 |  14.6 |      22 |       5 |  18.5
       D:14 |    3801 |    5761 |  60.2 |      13 |      13 |  50.0
       D:15 |   13419 |    4004 |  23.0 |      40 |       5 |  11.1
     Lair:1 |    3450 |    2140 |  38.3 |      16 |      11 |  40.7
     Lair:2 |    7097 |    2942 |  29.3 |      30 |      21 |  41.2
     Lair:3 |    3272 |     701 |  17.6 |      13 |       5 |  27.8
     Lair:4 |    5699 |     220 |   3.7 |      14 |       1 |   6.7
     Lair:5 |    7366 |       0 |   0.0 |      22 |       0 |   0.0
     Lair:6 |   10938 |   11353 |  50.9 |      38 |      24 |  38.7
    Swamp:1 |   13030 |     395 |   2.9 |      25 |       3 |  10.7
    Swamp:2 |   11153 |       0 |   0.0 |      22 |       0 |   0.0
    Swamp:3 |   11876 |    3035 |  20.4 |      34 |       1 |   2.9
    Swamp:4 |   16551 |   18817 |  53.2 |      37 |      31 |  45.6
   Spider:1 |   13454 |    2330 |  14.8 |      46 |       1 |   2.1
   Spider:2 |   18642 |   14782 |  44.2 |      49 |      33 |  40.2
   Spider:3 |   17036 |       0 |   0.0 |      47 |       0 |   0.0
   Spider:4 |   14801 |   37854 |  71.9 |      46 |      54 |  54.0
      Orc:1 |    2585 |     472 |  15.4 |      26 |       1 |   3.7
      Orc:2 |    2251 |   18498 |  89.2 |      26 |      65 |  71.4
   Vaults:1 |   34234 |   19085 |  35.8 |      67 |      23 |  25.6
   Vaults:2 |   28225 |   49470 |  63.7 |      40 |      59 |  59.6
   Vaults:3 |   36403 |   31774 |  46.6 |      48 |      31 |  39.2
    Ossuary |       0 |     147 | 100.0 |       0 |      12 | 100.0
   Gauntlet |       0 |    9958 | 100.0 |       0 |      14 | 100.0
            +---------+---------+-------+---------+---------+-------
